 Dungeon Crawl Stone Soup version 0.31.0-12-g77e489cdc1 (webtiles) character file.

Game seed: 13612978048240955451

6781 Peloso the Carver (level 10, -2/90 HPs)
             Began as a Minotaur Fighter on Mar 3, 2024.
             Was an Elder of Okawaru.
             Slain by a yak (11 damage)
             ... on level 9 of the Dungeon.
             The game lasted 00:23:23 (8069 turns).

Peloso the Carver (Minotaur Fighter)                Turns: 8069, Time: 00:23:24

Health: -2/90      AC: 17    Str: 20    XL:     10   Next: 76%
Magic:  8/9        EV:  8    Int:  5    God:    Okawaru [****..]
Gold:   329        SH:  6    Dex: 15    Spells: 9/9 levels left

rFire   + . .        a - +0 scimitar
rCold   + . .        d - +0 buckler
rNeg    . . .        L - +1 plate armour {Will+}
rPois   .            (helmet restricted)
rElec   .            (no cloak)
rCorr   +            (no gloves)
SInv    .            K - +0 pair of boots
Will    +....        (no amulet) Stlth
                     F - ring "Ikedim" {rF+ rCorr}
HPRegen 0.35/turn    k - ring of protection from cold
MPRegen 0.11/turn

%: no passive effects
@: no status effects
A: horns 2, retaliatory headbutt
a: Renounce Religion, Heroism, Finesse


You were on level 9 of the Dungeon.
You worshipped Okawaru.
Okawaru was greatly pleased with you.
You visited 2 branches of the dungeon, and saw 10 of its levels.

You collected 425 gold pieces.
You spent 96 gold pieces at shops.

Inventory:

Hand Weapons
 a - a +0 scimitar (weapon)
 b - the +2 dagger "Cityqora" {pain, rF+ rCorr Dex-2 SInv}
   (You found it on level 5 of the Dungeon)

   Dex-2:     It affects your dexterity (-2).
   rF+:       It protects you from fire.
   SInv:      It lets you see invisible.
   rCorr:     It protects you from acid and corrosion.
 c - a +0 war axe of flaming
Missiles
 y - 2 throwing nets (quivered)
Armour
 d - a +0 buckler (worn)
 f - a +4 chain mail
 E - the +8 orange crystal plate armour {Archmagi, Int+3 Clar}
   (You found it on level 6 of the Dungeon)

   Int+3:     It affects your intelligence (+3).
   Clar:      It protects you from confusion, rage, mesmerisation and fear.
 K - a +0 pair of boots (worn)
 L - a +1 plate armour of willpower (worn)
Jewellery
 g - a ring of ice
 k - a ring of protection from cold (right hand)
 o - a +4 ring of protection
 F - the ring "Ikedim" (left hand) {rF+ rCorr}
   (You found it on level 6 of the Dungeon)

   [ring of resist corrosion]

   rF+:       It protects you from fire.
   rCorr:     It protects you from acid and corrosion.
Wands
 q - a wand of paralysis (8)
 C - a wand of mindburst (16)
Scrolls
 e - a scroll of fog
 i - 2 scrolls of enchant armour {unknown}
 j - 2 scrolls of teleportation
 m - a scroll of poison {unknown}
 n - 2 scrolls of enchant weapon {unknown}
 p - 2 scrolls of blinking {unknown}
 s - 2 scrolls of vulnerability {unknown}
 v - a scroll of immolation {unknown}
 w - a scroll of torment {unknown}
 A - 2 scrolls of amnesia {unknown}
 B - a scroll of identify {unknown}
 D - a scroll of silence {unknown}
 J - 3 scrolls of brand weapon {unknown}
Potions
 h - a potion of invisibility {unknown}
 l - 4 potions of brilliance {unknown}
 r - 2 potions of lignification {unknown}
 t - a potion of attraction {unknown}
 x - 2 potions of haste
 z - 3 potions of curing
 H - 2 potions of ambrosia {unknown}
 I - 2 potions of resistance {unknown}
 M - a potion of berserk rage


   Skills:
 + Level 8.5 Fighting
 + Level 12.7 Long Blades
 + Level 10.3 Armour
 + Level 4.0 Dodging
 + Level 1.0 Stealth
 + Level 7.9 Shields
 + Level 1.8 Evocations


You had 9 spell levels left.
You didn't know any spells.
Your spell library contained the following spells:

 Spells                   Type           Power      Damage    Failure   Level
 Foxfire                  Conj/Fire      0%         2x1d4     100%        1
 Magic Dart               Conj           0%         1d3       100%        1
 Blink                    Tloc           0%         N/A       100%        2
 Lesser Beckoning         Tloc           0%         N/A       100%        2
 Momentum Strike          Conj/Tloc      0%         3d8       100%        2
 Sublimation of Blood     Necr           0%         N/A       100%        2
 Gell's Gravitas          Tloc           0%         N/A       100%        3
 Teleport Other           Tloc           0%         N/A       100%        3
 Dimensional Bullseye     Hex/Tloc       0%         N/A       100%        4
 Iskenderun's Mystic Bla  Conj/Tloc      0%         2d3       100%        4
 Plasma Beam              Fire/Air       0%         2x1d10    100%        6
 Starburst                Conj/Fire      0%         6d3       100%        6
 Call Imp                 Summ           Unusable   N/A       N/A         2
 Tukima's Dance           Hex            Unusable   N/A       N/A         3
 Summon Hydra             Summ           Unusable   N/A       N/A         7

Dungeon Overview and Level Annotations

Branches:
Dungeon (9/15)             Temple (1/1) D:5
   Lair: D:8-11         Orc: D:9-12

Altars:
Ashenzari
Cheibriados
Dithmenos
Elyvilon
Fedhas
Hepliaklqana
Kikubaaqudgha
Makhleb
Okawaru
Qazlal
Ru
Sif Muna
Trog
Uskayaw
Wu Jian
Xom
Yredelemnul
Zin

Shops:
D:3 :   D:8 (*(

Annotations:
D:2 1 runed translucent door, Crazy Yiuf
D:6 1 runed translucent door


Innate Abilities, Weirdness & Mutations

You have a pair of horns on your head.
You reflexively headbutt those who attack you in melee.


Message History

The yak is severely wounded.
The yak gores you! The yak gores you but does no damage.
You hit the yak.
The yak is severely wounded.
The yak barely misses you. You furiously retaliate!
You headbutt the yak. The yak gores you.
You slash the yak!
The yak is almost dead.
The yak gores you!
* * * LOW HITPOINT WARNING * * *
The yak gores you.
* * * LOW HITPOINT WARNING * * *
You hit the yak.
The yak is almost dead.
Unknown command.
You slash the yak!
You kill the yak!
Okawaru accepts your kill.
Unknown command.
You barely miss the yak. You headbutt the yak!
The yak is moderately wounded.
You block the yak's attack.
Unknown command.
You hit the yak. You headbutt the yak.
The yak is heavily wounded.
Unknown command.
You slash the yak!
The yak is almost dead.
You feel like a meek peon again. The yak gores you but does no damage.
The yak closely misses you. You furiously retaliate!
You headbutt the yak. You slash the yak!
You kill the yak!
Okawaru accepts your kill. The yak gores you!
* * * LOW HITPOINT WARNING * * *
The yak barely misses you. You furiously retaliate!
You headbutt the yak.
You see here a yak corpse.
The yak attacks as it pursues you! The yak gores you!
You die...

#.#...#...# #.# #.#.#.###.#
#.#######
#...#...#.########........
####.#####.#.'...†.....######
...'.......#.##..####.##
####.#######.###†# ..# ###
#####.# .## #)####. ##@.###
#K#Y# #o.)# ....oK### .#...o.
#..#.. ....#... #.#..##. .#.
# #.


You could see a yak, a kobold brigand, 3 orcs and a kobold.

Vanquished Creatures
  Pikel (D:4)
  Joseph (D:8)
  Jeremiah (D:8)
  Psyche (D:8)
  A hornet (D:9)
  2 trolls
  5 yaks (D:9)
  A wraith (D:9)
  4 steam dragons
  A black bear (D:6)
  2 orc warriors
  2 ice beasts
  An ogre (D:4)
  5 centaurs
  A lemure (D:4)
  A phantom (D:5)
  A bullfrog (D:8)
  5 scorpions
  10 wights
  5 killer bees (D:8)
  6 howler monkeys
  3 bombardier beetles
  4 hounds
  A gnoll bouda (D:5)
  2 orc priests
  5 jellies
  2 sleepcaps
  3 iguanas
  9 orc wizards
  12 adders
  6 gnolls (D:6)
  3 shadow imps
  A white imp (D:6)
  4 ufetubi
  A dart slug (D:2)
  2 ribbon worms
  22 orcs
  10 endoplasms
  A giant cockroach (D:1)
  5 goblins
  9 hobgoblins
  5 jackals
  7 quokkas
  8 ball pythons
  7 bats
  A frilled lizard (D:3)
  A goblin skeleton (D:6)
  4 kobolds
  2 rats (D:1)
197 creatures vanquished.

Notes
Turn   | Place    | Note
-------+----------+-------------------------------------------
     0 | D:1      | Peloso the Minotaur Fighter began the quest for the Orb.
     0 | D:1      | Reached XP level 1. HP: 19/19 MP: 0/0
   150 | D:1      | Reached XP level 2. HP: 27/27 MP: 1/1
   370 | D:1      | Reached XP level 3. HP: 33/33 MP: 2/2
   810 | D:2      | Reached skill level 3 in Long Blades
  1262 | D:2      | Found a runed translucent door.
  1263 | D:2      | Noticed Crazy Yiuf
  1678 | D:3      | Reached skill level 1 in Dodging
  1678 | D:3      | Reached XP level 4. HP: 36/41 MP: 3/3
  1800 | D:3      | Found a bloodstained altar of Trog.
  1937 | D:3      | Found Aghotz's Book Shop.
  2827 | D:4      | Reached skill level 4 in Long Blades
  2832 | D:4      | Reached XP level 5. HP: 46/47 MP: 4/4
  2849 | D:4      | Noticed a lemure
  3037 | D:4      | Killed a lemure
  3048 | D:4      | Reached skill level 5 in Long Blades
  3048 | D:4      | Reached XP level 6. HP: 54/55 MP: 5/5
  3071 | D:4      | Noticed Pikel
  3094 | D:4      | Killed Pikel
  3095 | D:4      | Reached skill level 5 in Fighting
  3095 | D:4      | Reached skill level 6 in Long Blades
  3095 | D:4      | Reached skill level 5 in Armour
  3095 | D:4      | Reached skill level 5 in Shields
  3095 | D:4      | Reached XP level 7. HP: 44/61 MP: 6/6
  3097 | D:4      | Reached skill level 7 in Long Blades
  3496 | D:5      | Entered Level 5 of the Dungeon
  3505 | D:5      | Reached XP level 8. HP: 59/70 MP: 7/7
  3671 | D:5      | Found a broken altar of Ashenzari.
  3826 | D:5      | Identified the +2 dagger "Cityqora" {pain, rF+ rCorr Dex-2
                  | SInv}
  3942 | D:5      | Reached skill level 8 in Long Blades
  4040 | D:5      | Found a staircase to the Ecumenical Temple.
  4403 | Temple   | Entered the Ecumenical Temple
  4414 | Temple   | Became a worshipper of Warmaster Okawaru
  4666 | D:6      | Found a runed translucent door.
  4667 | D:6      | Found a basalt altar of Yredelemnul.
  4732 | D:6      | Reached skill level 9 in Long Blades
  4977 | D:6      | Found a hazy altar of Hepliaklqana.
  5021 | D:6      | Found the +8 orange crystal plate armour {Archmagi, Int+3
                  | Clar}
  5083 | D:6      | Identified the ring "Ikedim" {rF+ rCorr}
  5415 | D:6      | Reached XP level 9. HP: 76/78 MP: 8/8
  5434 | D:6      | Found a burning altar of Makhleb.
  5458 | D:6      | Reached * piety under Okawaru
  5567 | D:7      | Noticed a troll
  5576 | D:7      | Killed a troll
  5673 | D:7      | Reached skill level 10 in Long Blades
  5916 | D:7      | Identified the +0 robe of Asceticism {rF+++ rN+ MP-9 Int-3}
  5959 | D:6      | Reached skill level 1 in Stealth
  6002 | D:7      | Reached ** piety under Okawaru
  6125 | D:7      | Reached skill level 11 in Long Blades
  6559 | D:8      | Noticed Psyche
  6569 | D:8      | Killed Psyche
  6573 | D:8      | Noticed Joseph
  6603 | D:8      | Killed Joseph
  6604 | D:8      | Reached XP level 10. HP: 61/86 MP: 9/9
  6872 | D:8      | Reached skill level 1 in Evocations
  6878 | D:8      | Reached *** piety under Okawaru
  7187 | D:8      | Found Bohuit's Antique Weapon Shop.
  7187 | D:8      | Found Zatoitoz's General Store.
  7189 | D:8      | Found Oci Nuwk's Weapon Shop.
  7195 | D:8      | Bought a potion of berserk rage for 60 gold pieces
  7195 | D:8      | Bought a scroll of teleportation for 36 gold pieces
  7233 | D:8      | Found a glowing silver altar of Zin.
  7233 | D:8      | Noticed an angel
  7233 | D:8      | Noticed Jeremiah
  7294 | D:8      | Killed Jeremiah
  7295 | D:8      | Reached skill level 12 in Long Blades
  7713 | D:9      | Paralysed by a hornet for 1 turns
  7737 | D:9      | Reached skill level 10 in Armour
  8019 | D:9      | Reached **** piety under Okawaru
  8057 | D:9      | Identified the +0 chain mail of the Equator {Int+3 Dex+7}
  8069 | D:9      | Slain by a yak

Illustrated notes

Levels and vault maps discovered:
D:1:      dpeg_arrival_tiny_b, layout_loops_cross, nicolae_titane
D:2:      layout_loops_ring, uniq_crazy_yiuf_cottage
D:3:      layout_loops_corners, mainiacjoe_overflow_tiny_flanked, serial_shops,
          nicolae_shop_trees, serial_rivers, chequers_serial_rivers_large_b,
          chequers_serial_rivers_small_3, chequers_serial_rivers_micro_c,
          chequers_serial_rivers_micro_c, chequers_serial_rivers_micro_c,
          chequers_serial_rivers_small_b, corner_web_ring
D:4:      layout_rooms, uniq_pikel
D:5:      layout_loops_corners, lemuel_crystal_altar, minmay_temple_entry_glass,
          skrybe_limestone_x
D:6:      layout_basic, nicolae_overflow_crystal_walls,
          makhleb_heckhound_becter, dk_yredelemnul_ordeal
D:7:      kennysheep_steamy, layout_rooms
D:8:      layout_basic, zin_angel, nicolae_shop_distant_corner_stores,
          uniq_joseph, uniq_jeremiah, uniq_psyche
D:9:      layout_roguey, minitemple, erik_orc_3, serial_shops,
          nicolae_shop_window_shopping
Temple:   hellmonk_temple_flake

Skill      XL: |  1  2  3  4  5  6  7  8  9 10 |
---------------+-------------------------------+-----
Armour         | 4 5 6 7 9 10 | 10.3
Shields        | 4 5 6 7 |  7.9
Fighting       | 4 5 6 7 8 |  8.5
Long Blades    | 3 4 5 6 7 9 11 12 | 12.7
Dodging        | 1 2 3 4 |  4.0
Stealth        | 1 |  1.0
Evocations     | 1 |  1.8

Action                     |  1- 3 |  4- 6 |  7- 9 | 10-12 || total
---------------------------+-------+-------+-------+-------++-------
  Melee: Long sword        |    98 |    83 |   332 |    28 ||   541
         Headbutt          |    13 |    12 |    83 |    52 ||   160
         Scimitar          |       |       |       |   172 ||   172
 Invoke: Heroism           |       |       |       |     1 ||     1
  Evoke: Wand              |       |       |     4 |    11 ||    15
    Use: Potion            |     3 |     2 |       |     1 ||     6
         Scroll            |     1 |       |     1 |       ||     2
 Armour: Scale mail        |    38 |       |       |       ||    38
         Chain mail        |    21 |   127 |   285 |    58 ||   491
         Plate armour      |       |     2 |       |    99 ||   101
  Dodge: Dodged            |    50 |    58 |   168 |    49 ||   325
  Block: Buckler           |    27 |    32 |   107 |    38 ||   204
